 Dungeon Crawl Stone Soup version 0.30-b1-2-g02819fbbbe (webtiles) character file.

Game seed: 5846101684788981935

77 Alarkh the Trooper (level 4, 37/37 HPs)
             Began as a Demonspawn Artificer on Dec 4, 2023.
             Got out of the dungeon alive.
             The game lasted 00:02:22 (1824 turns).

Alarkh the Trooper (Demonspawn Artificer)           Turns: 1824, Time: 00:02:23

Health: 37/37      AC:  3    Str: 12    XL:     4   Next: 13%
Magic:  4/4        EV: 11    Int: 14    God:
Gold:   65         SH:  0    Dex: 14    Spells: 3/3 levels left

rFire   . . .        a - +0 short sword
rCold   . . .        (no shield)
rNeg    . . .        b - +0 leather armour
rPois   .            (no helmet)
rElec   .            (no cloak)
rCorr   +            (no gloves)
SInv    .            (no boots)
Will    .....        (no amulet)
Stlth   +            j - ring of resist corrosion
HPRegen 0.26/turn    (no ring)
MPRegen 0.09/turn

%: no passive effects
@: no status effects
A: demonic magic 1, weakness stinger 1
a: no special abilities


You escaped.
You visited 1 branch of the dungeon, and saw 2 of its levels.

You collected 65 gold pieces.

Inventory:

Hand Weapons
 a - a +0 short sword (weapon)
 o - a +0 dagger
Armour
 b - a +0 leather armour (worn)
Jewellery
 j - a ring of resist corrosion (left hand)
Wands
 d - a wand of charming (14)
 e - a wand of iceblast (5)
Scrolls
 g - a scroll of summoning {unknown}
 h - a scroll of magic mapping {unknown}
 k - a scroll of enchant weapon {unknown}
 l - a scroll of blinking {unknown}
 m - a scroll of amnesia {unknown}
 n - a scroll of teleportation {unknown}
Potions
 f - a potion of heal wounds {unknown}
 i - a potion of brilliance {unknown}


   Skills:
 + Level 4.0 Fighting
 - Level 1.7 Armour
 - Level 0.8 Dodging
 - Level 0.8 Stealth
 - Level 3.0 Evocations


You had 3 spell levels left.
You didn't know any spells.
Your spell library was empty.

Dungeon Overview and Level Annotations

Branches:
Dungeon (2/15)

Altars:


Innate Abilities, Weirdness & Mutations

Spells you cast may paralyse adjacent enemies.
You have a small tail.


Message History

The adder barely misses you.
You hit the adder but do no damage.
The adder is severely wounded.
The adder barely misses you. The adder misses you.
You hit the adder.
The adder is almost dead.
The adder bites you.
You hit the adder.
The adder is almost dead.
The adder bites you.
You hit the adder but do no damage.
Your tail-slap misses the adder.
The adder is almost dead.
The adder misses you.
You miss the adder.
The adder is almost dead.
The adder misses you. The adder barely misses you.
You miss the adder.
The adder is almost dead.
The adder bites you.
You are poisoned.
The adder poisons you!
You miss the adder.
The adder is almost dead.
You feel sick. The adder barely misses you.
You hit the adder but do no damage.
The adder is almost dead.
You feel sick. The adder bites you. The adder completely misses you.
You hit the adder.
You kill the adder!
You feel sick.
Your Fighting skill increases to level 4!
Found 8 stones.
You feel sick.
You are no longer poisoned.
There is a stone staircase leading up here.
You climb upwards.
There is a stone staircase leading down here.
HP restored.
There is a staircase leading out of the dungeon here.
Are you sure you want to leave the Dungeon?
This will make you lose the game!
You have escaped!

#...รท#..##.....# #..
#....##.##.....### #.#
.................## ##.#
.#####.......###..# ##..# .#
#.......###..## #..##
.######'######.....## #.##
.....##..####.P...P.# #.#
####.###...##.......# #.#
#.# ###.##...@...# ##.#
####.#
###.##.......########.(#
..##.#
#......P...P.#....#...####
..##.#
#.....#.....##......### #.
..##.###.....##....##..#.###
#.
####.............(.....#.#
#. #.#####.##########..#.#
#. #######........##...##.#
#. ##....).....###.##...##.#
#.


There were no monsters in sight!

Vanquished Creatures
  3 adders (D:2)
  A dart slug (D:2)
  An orc (D:2)
  2 endoplasms
  4 giant cockroaches (D:1)
  4 goblins
  A hobgoblin (D:1)
  2 quokkas
  9 ball pythons
  6 bats
  5 frilled lizards
  7 kobolds
  A rat (D:2)
46 creatures vanquished.

Vanquished Creatures (others)
  2 plants (D:2)
2 creatures vanquished.

Grand Total: 48 creatures vanquished

Notes
Turn   | Place    | Note
-------+----------+-------------------------------------------
     0 | D:1      | Alarkh the Demonspawn Artificer began the quest for the
                  | Orb.
     0 | D:1      | Reached XP level 1. HP: 15/15 MP: 1/1
    45 | D:1      | Reached skill level 2 in Fighting
   134 | D:1      | Gained mutation: Spells you cast may paralyse adjacent
                  | enemies. [demonic ancestry]
   134 | D:1      | Reached XP level 2. HP: 16/22 MP: 2/2
   320 | D:1      | You fall into a shaft and drop 1 floor!
   383 | D:2      | Reached skill level 3 in Fighting
   397 | D:2      | Reached XP level 3. HP: 23/29 MP: 3/3
  1741 | D:2      | Gained mutation: You have a small tail. [demonic ancestry]
  1741 | D:2      | Reached XP level 4. HP: 35/37 MP: 4/4
  1773 | D:2      | Reached skill level 4 in Fighting
  1824 | D:$      | Got out of the dungeon alive.

Illustrated notes

Levels and vault maps discovered:
D:1:      dpeg_arrival_orchard, layout_basic, minmay_unequal
D:2:      layout_basic, grunt_ministairs_12, serial_bayou_pond_b

Skill      XL: |  1  2  3  4 |
---------------+-------------+-----
Fighting       | 2 3 4 |  4.0
Armour         | |  1.7
Dodging        | |  0.8
Stealth        | |  0.8
Evocations     | |  3.0

Action                     |  1- 3 |  4- 6 || total
---------------------------+-------+-------++-------
  Melee: Club              |    28 |       ||    28
         Dagger            |   146 |       ||   146
         Short sword       |    23 |    10 ||    33
         Punch             |     1 |       ||     1
  Evoke: Wand              |    13 |     3 ||    16
   Stab: Sleeping          |     4 |       ||     4
 Armour: Leather armour    |    88 |       ||    88
  Dodge: Dodged            |   146 |     8 ||   154
